 Dungeon Crawl Stone Soup version 0.29-a0-19-gef7f3e67aa (webtiles) character file.

Game seed: 5721957140385229497

3346 27snakeeyes612 the Ruffian (level 9, -4/89 HPs)
             Began as a Troll Monk on Dec 27, 2021.
             Was an Elder of Okawaru.
             Slain by an ettin (31 damage)
             ... on level 7 of the Dungeon on Jan 29, 2022.
             The game lasted 00:12:17 (6992 turns).

27snakeeyes612 the Ruffian (Troll Monk)             Turns: 6992, Time: 00:12:18

Health: -4/89      AC:  7    Str: 25    XL:     9   Next: 72%
Magic:  8/8        EV: 12    Int:  6    God:    Okawaru [****..]
Gold:   478        SH:  0    Dex: 12    Spells: 8/8 levels left

rFire   . . .      SeeInvis .     - Unarmed
rCold   . . .      Faith    .   (no shield)
rNeg    + . .      Spirit   .   B - +2 robe {rN+}
rPois   .          Reflect  .   (helmet restricted)
rElec   .          Harm     .   x - +0 cloak
rCorr   .          Rampage  .   (gloves unavailable)
Will    .....                   (boots unavailable)
Stlth   ++........              (no amulet)
HPRegen 1.04/turn               (no ring)
MPRegen 0.11/turn               (no ring)

@: hasted, very quick
A: large, unfitting armour, claws 3, regeneration 1, shaggy fur 1, tough skin 1
a: Renounce Religion, Heroism, Finesse


You were on level 7 of the Dungeon.
You worshipped Okawaru.
Okawaru was greatly pleased with you.
You visited 1 branch of the dungeon, and saw 8 of its levels.

You collected 478 gold pieces.

Inventory:

Armour
 b - a scarf of invisibility
 x - a +0 cloak (worn)
 B - a +2 robe of positive energy (worn)
Magical Staves
 d - a staff of conjuration
Jewellery
 l - a ring of see invisible
 s - a +6 ring of dexterity
Wands
 o - a wand of flame (12)
 u - a wand of polymorph (4) (quivered)
Scrolls
 a - a scroll of enchant weapon
 m - a scroll of magic mapping
 q - 2 scrolls of blinking
 t - a scroll of amnesia {unknown}
 v - a scroll of silence
 y - a scroll of identify
Potions
 c - a potion of heal wounds
 g - a potion of cancellation
 i - 2 potions of brilliance
 j - 2 potions of might
 k - 2 potions of magic {unknown}
 p - a potion of curing {unknown}
 r - a potion of mutation {unknown}
 w - 3 potions of flight {unknown}
 z - 2 potions of attraction {unknown}


   Skills:
 + Level 6.3 Fighting
 + Level 5.9 Throwing
 + Level 6.3 Dodging
 - Level 1.5 Stealth
 + Level 7.5 Unarmed Combat


You had 8 spell levels left.
You didn't know any spells.
Your spell library contained the following spells:

 Spells                   Type           Power      Damage    Failure   Level
 Sublimation of Blood     Necr           0%         N/A       58%         2
 Ozocubu's Armour         Ice            0%         N/A       83%         3
 Petrify                  Tmut/Erth      0%         N/A       99%         4
 Irradiate                Conj/Tmut      0%         3d13      100%        5
 Metabolic Englaciation   Hex/Ice        0%         N/A       100%        5
 Simulacrum               Ice/Necr       Unusable   N/A       N/A         6

Dungeon Overview and Level Annotations

Branches:
Dungeon (8/15)             Temple (0/1) D:5
   Lair: D:8-11

Altars:
Dithmenos
Gozag
Okawaru
Yredelemnul
The Shining One

Annotations:
D:3 1 runed translucent door


Innate Abilities, Weirdness & Mutations

You are too large for most types of armour.
You have claws for hands.
Your natural rate of healing is unusually fast.
You are covered in fur. (AC +1)
You have tough skin. (AC +1)


Message History

The boulder beetle stops rolling and uncurls.
Aiming: Paralyse
Press: ? - help, Q - select action, (/) - cycle Shift-Dir - straight line, f/p - boulder beetle
Aim: a boulder beetle (heavily wounded, chance to affect: 31%)
The boulder beetle easily resists.
The boulder beetle leaps!
Aiming: Paralyse
Press: ? - help, Q - select action, (/) - cycle Shift-Dir - straight line, f/p - boulder beetle
Aim: a boulder beetle (heavily wounded, chance to affect: 31%)
The boulder beetle easily resists.
Aiming: Paralyse
Press: ? - help, Q - select action, (/) - cycle Shift-Dir - straight line, f/p - boulder beetle
Aim: a boulder beetle (heavily wounded, chance to affect: 31%)
The boulder beetle easily resists.
Aiming: Paralyse
Press: ? - help, Q - select action, (/) - cycle Shift-Dir - straight line, f/p - boulder beetle
Aim: a boulder beetle (heavily wounded, chance to affect: 31%)
The boulder beetle easily resists.
The now-empty wand crumbles to dust.
The boulder beetle leaps!
Unknown command.
Aiming: Polymorph
Press: ? - help, Q - select action, (/) - cycle Shift-Dir - straight line, f/p - boulder beetle
Aim: a boulder beetle (heavily wounded, will become a shock serpent, an ettin, or a goliath frog, chance to affect: 31%)
The boulder beetle evaporates and reforms as an ettin!
There is a stone staircase leading down, spattered with blood here.
You see here an atropa-tipped dart.
You claw the ettin!
The ettin is lightly wounded.
The ettin barely misses you. The ettin misses you.
You scratch the ettin.
The ettin is lightly wounded.
The ettin hits you!!
* * * LOW HITPOINT WARNING * * *
The ettin misses you.
Press: ? - help, v - describe, . - travel
Here: an ettin (lightly wounded)
The floor.
Unknown command.
You feel yourself speed up. The ettin hits you!!
You die...

..# #.#.........#########.#
..# #.#....<....#.......#.#
..# #.#...........(.....#.#
.## #.#.....).)........<#.#
..###.#.....[)..(.......#.#
...............[>[......#.#
..###.##########.########.#
..###.# #......C..# #.#
......# #......@..# #.#
...#### #.........# #.#
...# #.........# #.# ...#
#######.### #.# ..## #.#
#.# ..# #.# #.# ..# #.# #.#
### #.# #.# #.########.#


You could see an ettin.

Vanquished Creatures
  A boulder beetle (D:7)
  A troll (D:7)
  A wraith (D:8)
  2 orc warriors (D:7)
  2 sky beasts
  An ice beast (D:7)
  A black bear (D:8)
  2 ogres
  A centaur (D:4)
  2 phantoms (D:5)
  Blork the orc (D:5)
  2 bullfrogs
  2 scorpions (D:6)
  A killer bee (D:7)
  2 water moccasin skeletons (D:6)
  4 wights (D:8)
  A howler monkey (D:7)
  3 bullfrog zombies
  An orc priest (D:6)
  3 hounds
  4 jellies
  Crazy Yiuf (D:5)
  A gnoll shaman (D:5)
  Ijyb (D:3)
  2 orc wizards
  A killer bee zombie (D:4)
  2 howler monkey skeletons
  5 gnolls
  9 adders
  A white imp (D:8)
  An ufetubus (D:4)
  An adder skeleton (D:4)
  3 worms
  4 dart slugs
  17 orcs
  8 endoplasms
  6 giant cockroaches
  7 goblins
  5 hobgoblins
  3 jackals (D:5)
  A quokka (D:4)
  13 ball pythons
  8 bats
  A frilled lizard (D:1)
  6 kobolds
  A kobold skeleton (D:3)
  5 rats
151 creatures vanquished.

Notes
Turn   | Place    | Note
-------+----------+-------------------------------------------
     0 | D:1      | 27snakeeyes612 the Troll Monk began the quest for the Orb.
     0 | D:1      | Reached XP level 1. HP: 22/22 MP: 0/0
   134 | D:1      | Reached XP level 2. HP: 25/29 MP: 1/1
   610 | D:1      | Reached XP level 3. HP: 36/36 MP: 2/2
  1395 | D:2      | Upgraded the game from 0.28-a0-1292-gb4563b27b3 to
                  | 0.29-a0-19-gef7f3e67aa
  1574 | D:2      | Reached XP level 4. HP: 43/44 MP: 3/3
  2135 | D:3      | Found a runed translucent door.
  2135 | D:3      | Noticed a human
  2139 | D:3      | Found a basalt altar of Yredelemnul.
  2397 | D:3      | Noticed Ijyb
  2399 | D:3      | Paralysed by Ijyb for 7 turns
  2411 | D:3      | Killed Ijyb
  2412 | D:3      | Reached skill level 1 in Throwing
  2412 | D:3      | Reached XP level 5. HP: 18/53 MP: 4/4
  3031 | D:4      | Reached skill level 4 in Unarmed Combat
  3066 | D:4      | Found an opulent altar of Gozag.
  3098 | D:4      | Found a shadowy altar of Dithmenos.
  3161 | D:4      | Noticed a centaur
  3168 | D:4      | Killed a centaur
  3169 | D:4      | Reached XP level 6. HP: 57/61 MP: 5/5
  3415 | D:4      | Found an iron altar of Okawaru.
  3602 | D:4      | Became a worshipper of Warmaster Okawaru
  3602 | D:4      | Reached * piety under Okawaru
  3602 | D:4      | Reached ** piety under Okawaru
  4020 | D:5      | Entered Level 5 of the Dungeon
  4139 | D:5      | Reached XP level 7. HP: 34/68 MP: 6/6
  4265 | D:5      | Found a staircase to the Ecumenical Temple.
  4496 | D:5      | Reached skill level 5 in Unarmed Combat
  4553 | D:5      | Noticed Blork the orc
  4608 | D:5      | Killed Blork the orc
  5048 | D:5      | Found a runed translucent door.
  5049 | D:5      | Noticed Crazy Yiuf
  5055 | D:5      | Killed Crazy Yiuf
  5173 | D:6      | Reached *** piety under Okawaru
  5184 | D:6      | Reached XP level 8. HP: 69/79 MP: 7/7
  5843 | D:6      | Reached skill level 5 in Fighting
  5843 | D:6      | Reached skill level 5 in Dodging
  5843 | D:6      | Reached skill level 6 in Unarmed Combat
  6019 | D:7      | Received a gift from Okawaru
  6136 | D:7      | Noticed a troll
  6143 | D:7      | Killed a troll
  6177 | D:7      | Reached **** piety under Okawaru
  6389 | D:8      | Reached XP level 9. HP: 66/88 MP: 8/8
  6430 | D:8      | Reached skill level 5 in Throwing
  6458 | D:8      | Found a glowing golden altar of the Shining One.
  6556 | D:8      | Noticed a boulder beetle
  6567 | D:8      | Noticed a boulder beetle
  6681 | D:7      | Killed a boulder beetle
  6682 | D:7      | Reached skill level 7 in Unarmed Combat
  6755 | D:7      | Received a gift from Okawaru
  6985 | D:7      | Noticed an ettin
  6985 | D:7      | a boulder beetle changed into an ettin
  6992 | D:7      | Slain by an ettin

Illustrated notes

Levels and vault maps discovered:
D:1:      lightli_arrival_statuegarden, layout_loops_corners,
          skrybe_limestone_x, minivault_25, minmay_tripent
D:2:      layout_loops_ring, minmay_circle_x
D:3:      layout_basic, dk_yredelemnul_ordeal, uniq_ijyb
D:4:      minmay_opposing_rooms, layout_loops_ring, amcnicky_altar_gilded,
          okawaru_gym_becter, nicolae_gozag_seed_capital,
          grunt_decor_one_mirror, kennysheep_generic_room_9
D:5:      layout_basic, minmay_temple_entry_waves, uniq_crazy_yiuf_cottage,
          uniq_blork_the_orc
D:6:      layout_loops_ring
D:7:      layout_basic
D:8:      cheibrodos_fzero, layout_rooms,
          grunt_temple_overflow_champion_of_chaos, tso_metal_star,
          general_overflow_altar, eino_tiny_chamber, uniq_maurice

Skill      XL: |  1  2  3  4  5  6  7  8  9 |
---------------+----------------------------+-----
Fighting       | 3 4 5 6 |  6.3
Dodging        | 3 4 5 6 |  6.3
Throwing       | 1 2 3 4 5 |  5.9
Unarmed Combat | 4 5 6 7 |  7.5
Stealth        | |  1.5

Action                   |  1- 3 |  4- 6 |  7- 9 || total
-------------------------+-------+-------+-------++-------
Melee: Unarmed           |    96 |   154 |   270 ||   520
       Punch             |     3 |     4 |    12 ||    19
Throw: Throwing net      |       |       |     6 ||     6
       Dart              |       |       |     4 ||     4
       Large rock        |       |       |     4 ||     4
Evoke: Wand              |       |       |     8 ||     8
  Use: Scroll            |     3 |     4 |     7 ||    14
       Potion            |       |     3 |     4 ||     7
 Stab: Sleeping          |     4 |     4 |     2 ||    10
Armor: Robe              |    36 |    58 |    72 ||   166
       Skin              |       |    16 |       ||    16
Dodge: Dodged            |    62 |    88 |   129 ||   279

Table legend: (Time is in decaauts)
 A = Elapsed time spent in this place.
 B = Non-inter-level travel time spent in this place.
 C = Inter-level travel time spent in this place.
 D = Time resting spent in this place.
 E = Time spent auto-exploring this place.
 F = Levels seen in this place.
 G = Mean time per level.
                   A        B        C        D        E       F      G
               +--------+--------+--------+--------+--------+-----+--------+
         Total |   6950 |   6636 |    314 |    430 |   4186 |   8 |  868.8 |
       Dungeon |   6950 |   6636 |    314 |    430 |   4186 |   8 |  868.8 |
               +--------+--------+--------+--------+--------+-----+--------+

Top non-repeatable levels by time:
     D:1: 1264 daAuts
     D:4: 1116 daAuts
     D:5: 1077 daAuts
     D:3: 867 daAuts
     D:6: 843 daAuts
     D:2: 791 daAuts
     D:7: 752 daAuts
     D:8: 237 daAuts
